Map: Ruins of Endion

Players

Snake

  • Race: Zerg Zerg
  • League: Master

Miszu - Winner!

  • Race: Protoss Protoss
  • League: Master

VOD

Have the link to the VOD?

Description

Time

  • Played on: April 3, 2016, 10:06 a.m.
  • Length: 25:23
Show
View Real Time Build Order
Export as new Build Order

Snake Zerg 

Build Orders: 3 Hatch before Pool, Lurkers 

Get SALT Encoding   

  12  0:01  Drone  
  13  0:08  Drone  
  14  0:18  Overlord  
  14  0:39  Drone x2  
  14  0:40  Drone  
  17  0:52  Drone  
  18  1:01  Drone  
  19  1:06  Hatchery  
  18  1:12  Drone  
  19  1:25  Hatchery  
  18  1:33  Extractor  
  18  1:39  Drone, Spawning Pool  
  17  1:44  Drone  
  18  1:51  Overlord  
  18  1:55  Drone  
  19  2:05  Drone  
  20  2:16  Drone  
  20  2:20  Drone  
  22  2:26  Queen  
  24  2:30  Drone x2  
  26  2:40  Queen  
  26  2:41  Zergling x2  
  26  2:42  Metabolic Boost  
  26  2:43  Zergling x2  
  30  2:50  Queen  
  32  2:53  Zergling x2  
  32  2:55  Drone  
  34  3:08  Zergling x6  
  34  3:20  Drone x4  
  34  3:21  Drone x2  
  40  3:29  Lair  
  40  3:31  Drone  
  41  3:36  Spore Crawler  
  41  3:39  Drone  
  41  3:42  Overlord  
  41  3:50  Extractor  
  41  3:51  Drone  
  41  3:54  Overlord  
  42  4:05  Zergling x14  
  42  4:06  Zergling x2  
  50  4:13  Overlord x2  
  50  4:21  Zergling x2  
  50  4:22  Zergling x8  
  54  4:33  Zergling x4  
  56  4:41  Zergling x2  
  56  4:42  Zergling x6  
  58  4:50  Drone x4  
  58  4:56  Spire  
  58  4:58  Extractor, Drone x3  
  58  4:59  Drone x2  
  58  5:03  Extractor  
  58  5:04  Drone  
  58  5:05  Drone  
  58  5:06  Drone  
  58  5:08  Drone  
  58  5:11  Extractor  
  58  5:14  Overlord  
  58  5:17  Extractor  
  57  5:25  Overlord  
  57  5:30  Overlord  
  57  5:31  Drone x2  
  57  5:32  Drone  
  57  5:33  Drone x3  
  57  5:34  Drone  
  64  5:37  Queen  
  64  5:41  Drone  
  64  5:42  Drone  
  67  5:46  Hydralisk Den  
  67  5:48  Drone  
  67  5:53  Drone  
  67  5:54  Drone x2  
  70  5:57  Spore Crawler  
  70  5:58  Drone  
  70  6:04  Overlord  
  70  6:08  Overlord  
  70  6:11  Extractor  
  70  6:13  Overlord  
  70  6:15  Drone x3  
  70  6:16  Drone  
  73  6:20  Spore Crawler  
  73  6:25  Corruptor  
  72  6:27  Drone  
  72  6:31  Corruptor  
  78  6:35  Corruptor  
  78  6:39  Drone  
  80  6:42  Lurker Den  
  80  6:44  Drone x4  
  84  6:48  Spore Crawler  
  84  6:50  Spore Crawler  
  84  6:53  Corruptor  
  82  6:56  Hydralisk  
  79  7:16  Hydralisk  
  79  7:17  Overlord  
  79  7:18  Overlord x2  
  79  7:20  Overlord  
  81  7:23  Spore Crawler  
  81  7:25  Queen, Spore Crawler x2  
  80  7:35  Overlord x2  
  80  7:39  Corruptor x4  
  80  7:42  Drone  
  80  7:43  Drone  
  87  7:48  Drone  
  87  7:49  Spore Crawler  
  87  7:50  Drone  
  87  7:51  Drone  
  89  7:57  Hydralisk x2  
  87  8:05  Spore Crawler  
  83  8:07  Drone  
  83  8:11  Drone x4  
  83  8:12  Spore Crawler  
  87  8:17  Infestation Pit  
  86  8:28  Muscular Augments  
  86  8:30  Evolution Chamber  
  86  8:32  Evolution Chamber  
  86  8:34  Drone x6, Evolution Chamber  
  86  8:40  Drone x4  
  93  8:45  Overlord  
  93  8:52  Overlord  
  93  8:53  Pathogen Glands  
  92  8:56  Hydralisk x2  
  92  9:00  Zerg Missile Weapons Level 1  
  96  9:10  Corruptor x2  
  96  9:11  Corruptor  
  100  9:23  Hydralisk x5  
  107  9:44  Infestor x2  
  107  9:45  Infestor x6  
  115  9:46  Infestor  
  121  10:05  Hive  
  121  10:08  Zergling x6  
  121  10:09  Spire, Drone x2  
  121  10:12  Drone x2  
  127  10:14  Lurker  
  128  10:22  Lurker  
  128  10:26  Spore Crawler  
  128  10:27  Spore Crawler, Hatchery  
  126  10:28  Overlord  
  126  10:29  Overlord  
  126  10:31  Spore Crawler, Zerg Ground Armor Level 1  
  126  10:34  Zerg Melee Weapons Level 1  
  125  10:38  Spore Crawler  
  125  10:39  Spore Crawler  
  125  10:41  Overlord  
  123  10:47  Queen  
  123  10:49  Lurker  
  127  10:50  Lurker  
  127  10:56  Drone x5  
  132  10:58  Drone x3  
  132  11:03  Drone x3  
  138  11:13  Drone x5  
  138  11:14  Extractor  
  138  11:16  Extractor  
  141  11:23  Drone x3  
  144  11:26  Burrow  
  144  11:29  Hydralisk  
  144  11:30  Hydralisk x2  
  150  11:33  Greater Spire  
  150  11:51  Lurker x3  
  118  12:03  Hydralisk x4  
  118  12:04  Hydralisk x8  
  118  12:05  Zergling x4  
  118  12:06  Zergling x2  
  145  12:13  Zergling x2  
  145  12:15  Lurker  
  145  12:21  Zergling x8  
  145  12:25  Spine Crawler  
  145  12:27  Spine Crawler  
  145  12:28  Spine Crawler  
  145  12:29  Spine Crawler x2  
  140  12:30  Spine Crawler  
  140  12:32  Spine Crawler  
  140  12:33  Lurker  
  140  12:34  Lurker x3  
  140  12:35  Zergling x4  
  140  12:36  Zergling x6  
  147  12:43  Zergling x2  
  148  12:53  Zergling x2  
  148  12:54  Zergling x16  
  157  12:58  Corruptor  
  159  13:09  Overlord  
  159  13:10  Overlord  
  159  13:12  Spore Crawler  
  158  13:13  Overlord x2, Zerg Flyer Armor Level 1  
  158  13:20  Spore Crawler  
  158  13:21  Drone, Spine Crawler  
  158  13:22  Drone, Spine Crawler  
  158  13:24  Brood Lord  
  159  13:28  Lurker x3  
  159  13:29  Lurker x4  
  159  13:31  Drone  
  167  13:35  Drone x3  
  167  13:38  Lurker x2  
  172  13:45  Brood Lord  
  172  13:46  Drone x2  
  176  14:00  Corruptor x3  
  182  14:17  Overlord x2  
  182  14:21  Spore Crawler x2  
  182  14:23  Spire  
  179  14:31  Zergling x10, Spore Crawler  
  179  14:32  Spine Crawler  
  179  14:34  Spine Crawler  
  179  14:35  Spore Crawler x2  
  179  14:36  Spine Crawler  
  174  14:46  Brood Lord  
  174  14:52  Brood Lord  
  173  14:57  Drone x2  
  173  14:58  Drone  
  173  14:59  Drone x3  
  177  15:03  Drone  
  177  15:04  Drone  
  179  15:09  Corruptor x2  
  176  15:29  Zergling x6  
  176  15:30  Zergling x8  
  176  15:32  Corruptor x3  
  184  15:37  Corruptor  
  181  15:44  Corruptor  
  180  15:55  Hydralisk x4  
  163  16:08  Corruptor x3  
  165  16:15  Corruptor x2  
  169  16:20  Corruptor  
  169  16:22  Zerg Flyer Weapons Level 1  
  171  16:27  Corruptor x4  
  179  16:33  Corruptor  
  179  16:34  Corruptor  
  183  16:44  Corruptor x2  
  183  16:45  Spore Crawler  
  186  16:47  Drone  
  186  16:52  Drone  
  186  16:53  Ultralisk Cavern  
  187  16:56  Brood Lord  
  189  17:14  Corruptor x3  
  189  17:15  Corruptor  
  186  17:42  Hatchery  
  181  17:56  Hatchery  
  180  18:01  Zerg Flyer Armor Level 2  
  169  18:34  Corruptor x4  
  169  18:49  Hydralisk x2  
  157  19:09  Corruptor x2  
  151  19:39  Corruptor x3  
  151  19:43  Drone x2  
  151  19:44  Hydralisk x2  
  156  19:51  Extractor  
  156  19:52  Extractor  
  154  19:53  Spore Crawler  
  153  20:04  Hatchery  
  148  20:37  Overlord x4  
  148  20:38  Overlord  
  140  20:51  Chitinous Plating  
  140  20:54  Zerg Melee Weapons Level 2  
  140  20:57  Drone x3  
  143  21:08  Corruptor  
  135  21:28  Drone x8  
  135  21:32  Zergling x2  
  134  21:33  Zergling x14  
  141  21:43  Hatchery  
  134  22:12  Corruptor x4  
  141  22:24  Corruptor  
  141  22:25  Zergling x2  
  141  22:26  Zergling x12  
  150  22:35  Corruptor  
  142  22:47  Extractor x2  
  140  22:55  Drone x2  
  142  22:59  Extractor  
  142  23:00  Zergling x2  
  142  23:01  Zergling x10  
  142  23:02  Queen  
  144  23:27  Ultralisk  
  149  23:36  Drone x2  
  149  23:49  Corruptor x2  
  149  23:50  Corruptor  
  149  23:51  Corruptor  
  137  24:07  Overseer  
  131  24:11  Overseer  
  127  24:20  Drone x10  
  118  24:36  Hatchery  
Show
View Real Time Build Order
Export as new Build Order

Miszu Protoss - Winner!

Build Orders: 1 Gate Expand, Mass Adepts 

Get SALT Encoding   

  12  0:01  Probe (Chrono Boost)  
  13  0:11  Probe (Chrono Boost)  
  14  0:22  Pylon, Probe (Chrono Boost)  
  15  0:40  Probe (Chrono Boost)  
  15  0:41  Gateway  
  16  0:51  Probe (Chrono Boost)  
  17  1:09  Nexus  
  17  1:12  Probe (Chrono Boost)  
  17  1:18  Assimilator  
  18  1:23  Probe (Chrono Boost)  
  19  1:32  Cybernetics Core  
  19  1:33  Probe (Chrono Boost)  
  20  1:44  Pylon, Probe (Chrono Boost)  
  21  1:50  Assimilator  
  21  1:55  Probe (Chrono Boost)  
  22  2:06  Probe (Chrono Boost)  
  23  2:10  Adept (Chrono Boost), Warp Gate (Chrono Boost)  
  25  2:17  Probe  
  25  2:20  Probe  
  27  2:29  Probe  
  28  2:30  Mothership Core  
  28  2:35  Adept (Chrono Boost)  
  32  2:41  Probe  
  33  2:51  Probe  
  34  2:53  Probe  
  34  2:57  Gateway  
  35  2:58  Gateway  
  35  3:03  Probe  
  35  3:04  Adept  
  36  3:06  Probe  
  39  3:15  Probe  
  38  3:22  Probe  
  38  3:25  Pylon  
  39  3:27  Probe  
  39  3:28  Adept  
  39  3:34  Probe  
  43  3:39  Probe  
  44  3:46  Probe (Chrono Boost)  
  45  3:51  Probe (Chrono Boost)  
  46  3:58  Probe (Chrono Boost)  
  47  4:03  Adept x2, Probe (Chrono Boost)  
  47  4:04  Adept  
  47  4:05  Gateway  
  47  4:08  Stargate  
  47  4:09  Stargate  
  54  4:16  Assimilator x2  
  54  4:28  Pylon  
  54  4:42  Probe x2 (Chrono Boost)  
  54  4:45  Adept  
  54  4:48  Adept x2  
  58  4:52  Probe x2 (Chrono Boost)  
  58  4:56  Phoenix x2  
  60  5:03  Probe x2 (Chrono Boost)  
  58  5:10  Adept x2  
  58  5:12  Pylon  
  62  5:16  Pylon  
  62  5:25  Nexus  
  62  5:30  Probe (Chrono Boost)  
  62  5:31  Phoenix x2, Probe (Chrono Boost)  
  68  5:41  Probe (Chrono Boost)  
  69  5:44  Probe (Chrono Boost)  
  69  5:47  Pylon  
  70  5:52  Probe (Chrono Boost)  
  70  5:55  Probe (Chrono Boost)  
  70  5:56  Phoenix x2  
  76  6:02  Probe (Chrono Boost)  
  77  6:05  Probe (Chrono Boost)  
  78  6:13  Pylon, Probe (Chrono Boost)  
  78  6:16  Robotics Facility, Probe (Chrono Boost)  
  78  6:17  Robotics Facility  
  80  6:21  Phoenix x2  
  80  6:23  Probe (Chrono Boost)  
  85  6:26  Probe (Chrono Boost)  
  86  6:36  Probe (Chrono Boost)  
  86  6:37  Probe x2 (Chrono Boost)  
  89  6:42  Forge  
  89  6:44  Twilight Council  
  89  6:46  Phoenix x2  
  94  6:47  Probe (Chrono Boost)  
  94  6:48  Probe (Chrono Boost)  
  94  6:49  Probe (Chrono Boost)  
  94  6:52  Assimilator  
  96  6:55  Assimilator  
  96  6:57  Probe (Chrono Boost)  
  96  6:59  Probe (Chrono Boost)  
  98  7:17  Phoenix x2  
  98  7:18  Probe x2 (Chrono Boost)  
  98  7:19  Probe (Chrono Boost)  
  105  7:26  Warp Prism  
  105  7:27  Observer  
  105  7:28  Protoss Ground Weapons Level 1  
  105  7:29  Resonating Glaives, Probe (Chrono Boost)  
  109  7:31  Pylon  
  109  7:36  Pylon  
  109  7:37  Pylon  
  109  7:39  Pylon  
  109  7:41  Pylon  
  109  7:49  Probe x2 (Chrono Boost)  
  111  8:09  Gateway  
  111  8:12  Gateway, Immortal x2  
  119  8:15  Gateway, Pylon  
  119  8:16  Gateway  
  119  8:18  Pylon  
  117  8:53  Adept x3  
  123  9:05  Immortal x2  
  123  9:07  Templar Archives  
  131  9:10  Blink, Pylon x2  
  131  9:12  Gateway  
  131  9:14  Gateway  
  131  9:18  Gateway  
  131  9:22  Gateway  
  131  9:25  Gateway  
  131  9:32  Probe (Chrono Boost)  
  132  9:41  Stalker x2  
  132  9:42  Stalker x5  
  146  9:46  Pylon  
  146  9:53  Psionic Storm  
  146  9:55  Protoss Ground Weapons Level 2  
  146  9:57  Pylon  
  146  10:10  Pylon  
  146  10:11  Stalker  
  146  10:12  Adept x3, Stalker x3  
  160  10:15  Pylon  
  160  10:17  High Templar x3  
  166  10:29  Photon Cannon  
  166  10:30  Photon Cannon  
  166  10:32  Photon Cannon  
  166  10:37  Stargate  
  166  10:38  Pylon  
  166  10:39  High Templar x2, Nexus, Pylon  
  166  10:40  High Templar x3  
  166  10:41  Archon  
  176  10:44  Archon x2  
  176  10:49  Archon  
  176  10:50  High Templar  
  176  10:52  High Templar  
  176  10:53  Zealot x3  
  176  10:54  Zealot x2  
  190  11:04  Archon  
  190  11:13  Pylon  
  190  11:18  Pylon  
  190  11:24  Fleet Beacon  
  130  12:04  Immortal x2  
  138  12:11  Protoss Ground Armor Level 1  
  138  12:18  Adept x6  
  138  12:19  Adept x2, Zealot  
  138  12:20  Stalker x3  
  154  12:43  High Templar, Observer, Immortal, Pylon  
  154  12:44  High Templar x3  
  165  12:45  Stalker x3  
  165  12:48  Archon x2  
  173  13:05  Observer  
  174  13:08  Tempest  
  174  13:11  Assimilator x2  
  178  13:31  Tempest  
  178  13:32  Tempest  
  186  13:36  Nexus, Pylon  
  182  13:49  High Templar  
  182  13:51  Tempest  
  188  14:03  Pylon  
  188  14:06  Pylon, Photon Cannon  
  188  14:07  Photon Cannon  
  188  14:09  Photon Cannon  
  188  14:12  Photon Cannon  
  188  14:14  High Templar  
  188  14:15  High Templar x3  
  196  14:42  Assimilator  
  196  14:44  Assimilator  
  194  14:57  Tempest  
  194  14:58  Tempest  
  194  14:59  Tempest  
  200  15:14  Photon Cannon  
  200  15:15  Photon Cannon  
  200  15:16  Photon Cannon  
  200  15:19  Photon Cannon  
  196  15:30  Zealot x2  
  198  15:43  Zealot  
  198  15:49  Probe (Chrono Boost)  
  198  15:50  Dark Shrine, Probe (Chrono Boost)  
  170  16:11  Tempest x2  
  170  16:12  Tempest  
  170  16:14  Protoss Ground Weapons Level 3  
  170  16:16  Protoss Air Weapons Level 1  
  182  16:19  Warp Prism  
  182  16:21  Observer  
  182  16:24  High Templar  
  182  16:25  High Templar x2  
  191  16:33  Nexus  
  191  16:51  Observer  
  191  16:54  Oracle x2  
  192  16:56  Observer  
  199  17:03  Pylon  
  199  17:12  Observer  
  196  18:00  Tempest  
  200  18:10  Dark Templar x3  
  199  18:24  Dark Templar x2  
  196  18:27  Dark Templar  
  196  18:31  Dark Templar  
  191  18:53  Dark Templar  
  193  19:01  Nexus  
  182  19:20  Zealot x6  
  182  19:21  Zealot x3  
  190  19:40  Warp Prism x2  
  182  20:02  Protoss Air Weapons Level 2, Tempest  
  182  20:03  Tempest  
  190  20:15  Warp Prism, Assimilator  
  190  20:16  Assimilator  
  192  20:39  Nexus  
  192  20:49  Zealot x2  
  196  20:50  Zealot x2  
  200  21:16  Zealot x2  
  200  21:21  Charge  
  198  21:27  Oracle  
  193  21:47  Pylon  
  191  22:04  Nexus  
  191  22:12  Oracle x2  
  197  22:16  Pylon  
  195  22:23  Pylon  
  195  22:25  Photon Cannon  
  195  22:28  Assimilator  
  187  22:41  Assimilator  
  187  22:47  High Templar x3, Oracle x2  
  199  22:54  Protoss Ground Armor Level 2  
  199  23:02  Photon Cannon  
  199  23:03  Photon Cannon  
  199  23:04  Photon Cannon  
  199  23:05  Photon Cannon  
  199  23:06  Probe (Chrono Boost), Photon Cannon  
  199  23:08  Photon Cannon  
  199  23:11  Photon Cannon  
  182  24:05  High Templar x2  
  182  24:06  High Templar x3  
Tags
 
Add a new tag
Caveats
  • Supply blocks, unpowered buildings, or Contaminate may cause inaccurate times.
  • Supply counts are checked every 10 seconds.